 Dungeon Crawl Stone Soup version 0.21-a0-513-gdcb3f5e (webtiles) character file.

135 Gerstahl the Cutter (level 4, 0/37 HPs)
             Began as a Demonspawn Gladiator on Dec 1, 2017.
             Succumbed to an orc wizard's poison
             ... on level 3 of the Dungeon.
             The game lasted 00:02:00 (2243 turns).

Gerstahl the Cutter (Demonspawn Gladiator)          Turns: 2243, Time: 00:02:01

Health: 0/37       AC:  4    Str: 15    XL:     4   Next: 96%
Magic:  1/4        EV: 12    Int:  9    God:
Gold:   95         SH:  0    Dex: 15    Spells: 3/3 levels left

rFire    . . .     SeeInvis .   a - +0 rapier
rCold    . . .     Gourm    .   (no shield)
rNeg     . . .     Faith    .   b - +0 leather armour
rPois    .         Spirit   +   c - +0 helmet
rElec    .         Reflect  .   (no cloak)
rCorr    .         Harm     .   (no gloves)
MR       .....                  (no boots)
Stlth    +.........             (no amulet)
HPRegen  0.12/turn              (no ring)
MPRegen  0.09/turn              (no ring)

@: lethally poisoned (0 -> -20)
A: magic shield
a: no special abilities


You were on level 3 of the Dungeon.
You were very hungry.

You visited 1 branch of the dungeon, and saw 3 of its levels.

You collected 95 gold pieces.

Inventory:

Hand Weapons
 a - a +0 rapier (weapon)
Armour
 b - a +0 leather armour (worn)
 c - a +0 helmet (worn)
Scrolls
 j - a scroll of fear {unknown}
 l - a scroll of remove curse {unknown}
 m - a scroll of fog {unknown}
Potions
 e - a potion of heal wounds {unknown}
 g - 2 potions of flight {unknown}
 i - a potion of brilliance {unknown}
 k - 2 potions of degeneration {unknown}
 n - a potion of might {unknown}
Comestibles
 f - 2 bread rations
 h - a meat ration
 o - 4 fruits


   Skills:
 + Level 3.9 Fighting
 + Level 4.1 Short Blades
 - Level 1.7 Throwing
 - Level 2.6 Dodging


You had 3 spell levels left.
You didn't know any spells.

Dungeon Overview and Level Annotations

Branches:
Dungeon (3/15)

Altars:
Fedhas
Qazlal
Ru
The Shining One


Innate Abilities, Weirdness & Mutations

When hurt, damage is shared between your health and your magic reserves.


Message History

The orc wizard hits you with a dagger of venom.
* * * LOW HITPOINT WARNING * * *
You are more poisoned.
You hit the orc priest.
The orc priest is almost dead.
* * * LOW HITPOINT WARNING * * *
You feel sick. The orc wizard misses you. The orc wizard barely misses you.
You hit the orc priest.
You kill the orc priest!
Your Short Blades skill increases to level 4!
* * * LOW HITPOINT WARNING * * *
You feel sick.
The orc wizard hits you but does no damage.
* * * LOW HITPOINT WARNING * * *
You feel sick. The orc wizard closely misses you.
The orc wizard hits you with a dagger of venom.
Found 25 arrows.
You see here a leather armour.
You hit the orc wizard but do no damage.
You die...

#.# #.# #.#
##.#######
###..)......
#....#####..
#..#)#
##.#.#####.#.
#...@.....((
###o###.....
#.. .## ##..
#.# .# .# .


You could see an orc wizard.

Vanquished Creatures
  An orc priest (D:3)
  An orc wizard (D:2)
  4 adders (D:2)
  A worm (D:2)
  An orc (D:3)
  5 bats
  A giant cockroach (D:1)
  4 goblins
  3 hobgoblins (D:1)
  3 jackals (D:1)
  A quokka (D:2)
  A ball python (D:2)
  3 frilled lizards (D:1)
  5 kobolds
  4 rats
38 creatures vanquished.

Notes
Turn   | Place    | Note
-------+----------+-------------------------------------------
     0 | D:1      | Gerstahl the Demonspawn Gladiator began the quest for the Orb.
     0 | D:1      | Reached XP level 1. HP: 16/16 MP: 1/1
   275 | D:1      | Reached skill level 3 in Short Blades
   275 | D:1      | Gained mutation: When hurt, damage is shared between your health and your magic reserves. [demonic ancestry]
   275 | D:1      | Reached XP level 2. HP: 23/23 MP: 2/2
   884 | D:2      | Reached XP level 3. HP: 17/28 MP: 1/3
  1057 | D:2      | Found a sacrificial altar of Ru.
  1252 | D:2      | Reached XP level 4. HP: 21/35 MP: 4/4
  2087 | D:2      | Found a stormy altar of Qazlal.
  2168 | D:2      | Found a glowing golden altar of the Shining One.
  2168 | D:2      | Found a blossoming altar of Fedhas.
  2241 | D:3      | Reached skill level 4 in Short Blades
  2243 | D:3      | Succumbed to an orc wizard's poison

Vault maps used:
D:1:      minmay_arrival_solitary_statue, minmay_quantized
D:2:      nicolae_ru_great_annihilating_truth, grunt_qazlal_clouds,
          nicolae_overflow_hidden_temple
D:3:      palyth_stone_intersect, tgw_fedhas, uniq_crazy_yiuf_cottage,
          uniq_terence

Skill      XL: |  1  2  3  4 |
---------------+-------------+-----
Short Blades   | 3 4 |  4.1
Fighting       | 3 |  3.9
Throwing       | |  1.7
Dodging        | |  2.6

Action                   |  1- 3 |  4- 6 || total
-------------------------+-------+-------++-------
Melee: Rapier            |    87 |    46 ||   133
Throw: Throwing net      |     1 |     2 ||     3
 Stab: Held in net/web   |     1 |     2 ||     3
       Paralysed         |       |     1 ||     1
  Eat: Chunk             |     1 |     2 ||     3
Armor: Leather armour    |    24 |    17 ||    41
Dodge: Dodged            |    47 |    43 ||    90

Table legend:
 A = Spawn XP
 B = Non-spawn XP
 C = Spawn XP percentage of total XP
 D = Spawn monster count
 E = Non-spawn monster count
 F = Spawn count percentage of total count
 G = Total turns spent on level
                    A         B        C        D         E        F      G
               +---------+---------+-------+---------+---------+-------+---------
         Total |       0 |     193 |   0.0 |       0 |      38 |   0.0 |  2243
               +---------+---------+-------+---------+---------+-------+---------
           D:1 |       0 |      29 |   0.0 |       0 |      18 |   0.0 |   846
           D:2 |       0 |     114 |   0.0 |       0 |      17 |   0.0 |  1378
           D:3 |       0 |      50 |   0.0 |       0 |       3 |   0.0 |    19
               +---------+---------+-------+---------+---------+-------+---------
